AoeStats
← [PSCH] R!ce

Nomad

507729884Analyzed
2v2 RM · 13d ago on Sep 19, 2026· 41m 35s· 4 players
Game mode
Random Map
Map size
176×176
Population
200
Speed
Normal
Resources
Standard
Victory
Conquest
Starting age
Dark Age
Ending age
Imperial Age
RankedLock teamsTeams togetherTeam positionsShared explorationLock speedFull tech treeHidden civsTurbo modeCheats
Victory
Defeat
🇬🇧 Bohemians · United Kingdom
1640
+11
🇬🇧 Huns · United Kingdom
1595
+12
🇨🇭 Maya · Switzerland
1527
-12
🇨🇭 Dravidians · Switzerland
1503
-11
SnarlinPaper
10:24 Loom
12:56 Feudal Age
13:36 Double-Bit Axe
21:46 Castle Age
22:40 Medium Warships
23:12 Bow Saw
26:09 Horse Collar
27:54 Fishing Lines
30:07 Wheelbarrow
29:18 Town Watch
30:52 Gillnets
31:18 Heavy Plow
32:51 Scale Mail Armor
33:01 Forging
36:23 Imperial Age
34:28 Pikeman
35:08 Squires
35:39 Chain Mail Armor
36:35 Chemistry
36:49 Iron Casting
36:29 Halberdier
39:01 Plate Mail Armor
38:47 Fletching
41:10 Arson
40:54 Houfnice
41:42 Bodkin Arrow
Ash
12:16 Feudal Age
10:31 Loom
16:38 Castle Age
15:24 Double-Bit Axe
16:08 Fletching
17:03 Gold Mining
17:27 Bodkin Arrow
17:40 Husbandry
18:03 Bow Saw
21:14 Padded Archer Armor
22:02 Horse Collar
24:15 Ballistics
25:49 Leather Archer Armor
26:02 Bloodlines
29:16 Thumb Ring
32:32 Wheelbarrow
32:54 Town Watch
35:58 Imperial Age
34:18 Scale Barding Armor
34:25 Forging
34:41 Marauders
34:29 Town Watch
35:27 Hand Cart
36:18 Chain Barding Armor
36:35 Iron Casting
37:16 Bracer
39:27 Chemistry
39:04 Heavy Plow
38:27 Heavy Cavalry Archer
40:26 Plate Barding Armor
40:52 Blast Furnace
40:35 Parthian Tactics
40:39 Conscription
40:35 Elite Tarkan
[PSCH] wolverito
4:58 Loom
14:02 Feudal Age
18:42 Castle Age
18:03 Town Watch
19:33 Fletching
22:47 Padded Archer Armor
23:21 Bodkin Arrow
26:55 Double-Bit Axe
28:35 Leather Archer Armor
31:46 Ballistics
37:20 Imperial Age
36:30 Hul'che Javelineers
37:14 Elite Skirmisher
39:15 Conscription
40:23 Ring Archer Armor
[PSCH] R!ce
8:10 Loom
11:58 Feudal Age
12:25 Double-Bit Axe
16:16 Fletching
24:08 Castle Age
23:34 Wheelbarrow
28:10 Bow Saw
32:47 Wheelbarrow
39:55 Imperial Age
37:56 Bodkin Arrow
38:18 Padded Archer Armor
39:19 Ballistics
40:21 Thumb Ring
40:50 Leather Archer Armor
40:45 Bracer
Connection lost

Rejoining the realm…

Still unreachable

The connection could not be restored.

Session expired

The server has moved on; the page needs a fresh start.